AoeStats
← makkumme

Pilgrims

507114978Analyzed
3v3 RM · 16d ago on Sep 16, 2026· 39m 51s· 6 players
Game mode
Random Map
Map size
Normal (6 player)
Population
200
Speed
Normal
Resources
Standard
Victory
Conquest
Starting age
Dark Age
Ending age
Imperial Age
RankedLock teamsTeams togetherTeam positionsShared explorationLock speedFull tech treeHidden civsTurbo modeCheats
Victory
Defeat
🇨🇱 Japanese · Chile
1377
+14
🇩🇪 Burgundians · Germany
1360
+15
🇫🇮 Vikings · Finland
1315
+17
🇨🇿 Koreans · Czechia
1407
-18
🇨🇿 Khitans · Czechia
1366
-17
🇨🇿 Khmer · Czechia
1230
-11
makkumme
6:34 Loom
12:14 Feudal Age
14:59 Double-Bit Axe
18:50 Castle Age
17:28 Horse Collar
19:59 Bow Saw
19:52 Heavy Plow
19:47 Gold Mining
19:48 Stone Mining
20:17 Fletching
20:46 Padded Archer Armor
25:07 Bodkin Arrow
25:31 Crossbowman
26:19 Squires
27:59 Scale Mail Armor
28:43 Gold Shaft Mining
28:31 Forging
29:45 Chain Mail Armor
31:29 Leather Archer Armor
31:50 Iron Casting
32:37 Heated Shot
33:08 Ballistics
35:39 Imperial Age
36:41 Conscription
35:50 Arbalester
36:36 Bracer
37:01 Elite Berserk
^ScArFaCe^
5:43 Double-Bit Axe
7:37 Loom
10:55 Feudal Age
9:21 Fishing Lines
14:37 Fletching
17:21 Castle Age
19:01 Bow Saw
22:57 Guard Tower
24:59 Bodkin Arrow
28:34 Horse Collar
30:41 Heavy Plow
33:13 Wheelbarrow
32:58 Scale Barding Armor
33:59 Gold Mining
36:12 Two-Man Saw
36:21 Chain Barding Armor
40:27 Imperial Age
Drogadiccionman
7:27 Loom
10:28 Feudal Age
10:31 Man-at-Arms
11:00 Double-Bit Axe
14:40 Arson
16:24 Fletching
23:14 Castle Age
22:36 Scale Mail Armor
23:43 Forging
24:40 Squires
24:07 Long Swordsman
26:02 Chain Mail Armor
25:36 Gambesons
27:03 Iron Casting
32:47 Town Watch
34:31 Bow Saw
35:00 Ballistics
34:39 Guard Tower
35:51 Ballistics
37:11 Wheelbarrow
37:41 Murder Holes
Zajic.skakajici
8:04 Loom
10:37 Feudal Age
11:32 Double-Bit Axe
13:44 Fletching
16:42 Castle Age
23:08 Bodkin Arrow
26:54 Horse Collar
31:42 Heavy Plow
34:03 Wheelbarrow
35:29 Bow Saw
39:28 Imperial Age
38:34 Town Watch
Kapitan_Flafik_cz
3:30 Loom
10:36 Feudal Age
11:29 Double-Bit Axe
11:49 Gold Mining
18:50 Castle Age
17:54 Domestication
18:53 Wheelbarrow
18:04 Town Watch
19:51 Medium Warships
23:07 Fletching
35:25 Imperial Age
33:52 Scale Barding Armor
33:49 Bodkin Arrow
35:53 Hand Cart
36:37 Conscription
Just fun
4:33 Loom
11:38 Feudal Age
15:55 Castle Age
14:07 Double-Bit Axe
25:05 Wheelbarrow
Connection lost

Rejoining the realm…

Still unreachable

The connection could not be restored.

Session expired

The server has moved on; the page needs a fresh start.